 Dungeon Crawl Stone Soup version 0.20.0-8-g6b59dc7 (webtiles) character file.

471 Jannitor the Cutter (level 7, -2/44 HPs)
             Began as a Kobold Berserker on May 31, 2017.
             Was a Believer of Trog.
             Killed from afar by an orc wizard (8 damage)
             ... with a magic dart
             ... on level 3 of the Dungeon.
             The game lasted 00:06:03 (3671 turns).

Jannitor the Cutter (Kobold Berserker)              Turns: 3671, Time: 00:06:03

Health: -2/44      AC:  2    Str: 15    XL:     7   Next: 31%
Magic:  7/7        EV: 18    Int:  8    God:    Trog [**....]
Gold:   91         SH:  0    Dex: 16    Spells: 6/6 levels left

rFire    . . .     SeeInvis .   i - +0 dagger (venom)
rCold    . . .     Gourm    +   (shield restricted)
rNeg     . . .     Faith    .   b - +0 animal skin
rPois    +         Spirit   .   (no helmet)
rElec    .         Reflect  .   (no cloak)
rCorr    .         Harm     .   (no gloves)
MR       .....                  (no boots)
Stlth    +++.......             f - amulet of the gourmand (curse)
Regen    0.2/turn               l - ring of poison resistance
MPRegen  0.1/turn               (no ring)

@: no status effects
A: carnivore 3
a: Berserk, Trog's Hand, Burn Spellbooks, Renounce Religion


You were on level 3 of the Dungeon.
You worshipped Trog.
Trog was pleased with you.
You were not hungry.

You visited 1 branch of the dungeon, and saw 3 of its levels.

You collected 91 gold pieces.

Inventory:

Hand Weapons
 a - a +0 short sword
 g - a +0 dagger
 i - a +0 dagger of venom (weapon)
Missiles
 m - 29 bolts
Armour
 b - a +0 animal skin (worn)
Jewellery
 f - a cursed amulet of the gourmand (around neck)
 l - a ring of poison resistance (left hand)
Scrolls
 d - 3 scrolls of identify {unknown}
 e - a scroll of magic mapping {unknown}
 n - a scroll of fear {unknown}
 o - a scroll of enchant weapon {unknown}
 q - a scroll of recharging {unknown}
Potions
 h - 3 potions of brilliance {unknown}
 j - a potion of haste {unknown}
 k - 2 potions of mutation {unknown}
 p - a potion of experience {unknown}
Comestibles
 c - 2 meat rations


   Skills:
 + Level 5.0 Fighting
 + Level 6.2 Short Blades
 - Level 1.5 Armour
 + Level 5.0 Dodging
 + Level 4.8 Stealth


You had 6 spell levels left.
You didn't know any spells.

Dungeon Overview and Level Annotations

Branches:
Dungeon (3/15)

Altars:


Innate Abilities, Weirdness & Mutations

You are small and have problems with some larger weapons.
You are carnivorous and can eat meat at any time.


Message History

The orc wizard closely misses you.
Things that are here:
a dagger x2; an orc corpse You hit the orc wizard.
The orc wizard is lightly wounded.
You hit the orc wizard but do no damage.
The orc wizard is poisoned.
The orc wizard is lightly wounded.
The orc wizard gestures wildly while chanting.
The orc wizard seems to speed up.
You hit the orc wizard.
The orc wizard is moderately wounded.
The orc wizard casts a spell at you. The puff of frost hits you!
* * * LOW HITPOINT WARNING * * *
You barely miss the orc wizard.
The orc wizard is moderately wounded.
The orc wizard gestures at you while chanting.
The magic dart hits you!
You die...

..## ### .######
.)g...# .####.#
>####)# ##########
.#....# #........#
.#.##.###.######.#
......)...# #@#
.#.######## #o#
##.# #o# ...####
#.#####
......########
#.....#
.###..##.....#
#####.#
.###..##.....# #.#
......<......# #<#
#..#..##.....# #.#


You could see an orc wizard and an orc.

Vanquished Creatures
  Grinder (D:3)
  The ghost of soberaf the Conjurer, an amateur KoAE (D:3)
  7 gnolls
  3 adders (D:2)
  An ooze (D:1)
  A worm (D:2)
  2 dart slugs (D:1)
  2 leopard geckos (D:1)
  2 orcs (D:3)
  2 bats (D:1)
  4 giant cockroaches
  9 goblins
  7 hobgoblins
  5 jackals
  A ball python (D:1)
  4 frilled lizards
  7 kobolds
  8 rats
67 creatures vanquished.

Notes
Turn   | Place    | Note
-------+----------+-------------------------------------------
     0 | D:1      | Jannitor the Kobold Berserker began the quest for the Orb.
     0 | D:1      | Reached XP level 1. HP: 14/14 MP: 1/1
   287 | D:1      | Reached skill level 1 in Stealth
   306 | D:1      | Reached XP level 2. HP: 12/19 MP: 2/2
   970 | D:1      | Reached XP level 3. HP: 14/23 MP: 3/3
  1670 | D:2      | Reached ** piety under Trog
  1681 | D:2      | Reached XP level 4. HP: 27/29 MP: 4/4
  2819 | D:3      | Noticed Grinder
  2838 | D:3      | Killed Grinder
  2838 | D:3      | Reached skill level 5 in Short Blades
  2838 | D:3      | Reached XP level 5. HP: 23/34 MP: 5/5
  2838 | D:3      | Reached XP level 6. HP: 27/39 MP: 6/6
  3027 | D:3      | Noticed soberaf's ghost (amateur KoAE)
  3062 | D:3      | Killed soberaf's ghost
  3062 | D:3      | Reached XP level 7. HP: 44/44 MP: 7/7
  3297 | D:2      | Reached skill level 6 in Short Blades
  3297 | D:2      | Reached skill level 5 in Dodging
  3548 | D:3      | Reached skill level 5 in Fighting
  3671 | D:3      | Killed from afar by an orc wizard

Skill      XL: |  1  2  3  4  5  6  7 |
---------------+----------------------+-----
Stealth        | 1 2 4 |  4.8
Dodging        | 3 4 5 |  5.0
Fighting       | 4 5 |  5.0
Short Blades   | 5 6 |  6.2
Armour         | |  1.5

Action                   |  1- 3 |  4- 6 |  7- 9 || total
-------------------------+-------+-------+-------++-------
Melee: Short sword       |   118 |       |       ||   118
       Dagger            |    27 |    82 |    34 ||   143
Invok: Berserk           |     3 |     3 |       ||     6
       Trog's Hand       |       |     1 |       ||     1
 Stab: Sleeping          |     2 |       |       ||     2
       Distracted        |       |     1 |       ||     1
  Eat: Chunk             |    11 |     4 |     3 ||    18
Armor: Animal skin       |    14 |     3 |     1 ||    18
Dodge: Dodged            |   108 |    41 |    38 ||   187
